 Dungeon Crawl Stone Soup version 0.27-a0-1532-gca18f49f40 (webtiles) character file.

Game seed: 15468731003318495336

620 nyamberluvr69 the Blocker (level 7, 0/46 HPs)
             Began as an Octopode Fighter on July 12, 2021.
             Slain by a hound (2 damage)
             ... on level 5 of the Dungeon.
             The game lasted 00:11:27 (6547 turns).

nyamberluvr69 the Blocker (Octopode Fighter)        Turns: 6547, Time: 00:11:28

Health: 0/46       AC:  1    Str: 15    XL:     7   Next: 46%
Magic:  7/7        EV: 12    Int: 13    God:
Gold:   160        SH: 10    Dex: 11    Spells: 1/6 levels left

rFire    . . .     SeeInvis .   k - +0 long sword
rCold    . . .     Faith    .   b - +0 kite shield
rNeg     . . .     Spirit   .   (helmet restricted)
rPois    .         Reflect  .   (no amulet)
rElec    .         Harm     .   (no ring)
rCorr    .         Rampage  .   (no ring)
Will     .....                  (no ring)
Stlth    ++........             (no ring)
HPRegen  0.15/turn              (no ring)
MPRegen  0.10/turn              (no ring)
                                (no ring)
                                (no ring)

@: no status effects
A: almost no armour, amphibious, 8 rings, camouflage 1, gelatinous body 1,
(nimble swimmer 1), tentacles
a: no special abilities


You were on level 5 of the Dungeon.
You visited 1 branch of the dungeon, and saw 5 of its levels.

You collected 160 gold pieces.

Inventory:

Hand Weapons
 a - a +0 long sword
 i - a +2 dagger of speed
 k - a +0 long sword (weapon)
Armour
 b - a +0 kite shield (worn)
Jewellery
 g - a ring of ice
Scrolls
 d - 2 scrolls of fear {unknown}
 e - 2 scrolls of identify {unknown}
 f - a scroll of magic mapping {unknown}
 h - 3 scrolls of amnesia {unknown}
 j - 2 scrolls of teleportation {unknown}
 n - a scroll of immolation {unknown}
Potions
 c - 3 potions of curing
 l - 2 potions of heal wounds {unknown}
 m - 2 potions of haste {unknown}
 o - a potion of attraction {unknown}
 p - a potion of berserk rage {unknown}
 q - a potion of brilliance {unknown}


   Skills:
 - Level 3.0 Fighting
 - Level 2.0 Long Blades
 - Level 3.0 Dodging
 - Level 8.1 Shields
 + Level 1.8 Necromancy


You had one spell level left.
You knew the following spells:

 Your Spells              Type           Power      Damage    Failure   Level
a - Borgnjor's Vile Clut  Necr/Erth      1%         N/A       100%        5

Your spell library contained the following spells:

 Spells                   Type           Power      Damage    Failure   Level
 Animate Dead             Necr           2%         N/A       98%         4
 Death Channel            Necr           2%         N/A       100%        6


Dungeon Overview and Level Annotations

Branches:
Dungeon (5/15)
 Temple: D:4-7

Altars:
Gozag

Annotations:
D:1 Robin


Innate Abilities, Weirdness & Mutations

You cannot wear most types of armour.
You are amphibious.
You can wear up to eight rings at the same time.
Your skin changes colour to match your surroundings (Stealth+).
Your rubbery body absorbs attacks. (AC +1, EV +1)
((You are camouflaged near water. (Stealth+)))
You have tentacles for arms and can constrict up to eight enemies at once.


Message History

You are too injured to fight recklessly!
You are too injured to fight recklessly!
You miss the phantom. Your squeeze misses the phantom.
The phantom is moderately damaged.
You block the phantom's attack. The phantom barely misses you.
You closely miss the phantom. You squeeze the phantom.
The phantom is moderately damaged.
You block the phantom's attack.
You closely miss the phantom.
The phantom is moderately damaged.
You block the phantom's attack. x2
You slash the phantom!
The phantom is severely damaged.
You block the phantom's attack.
You hit the phantom.
The phantom is almost destroyed.
The phantom barely misses you.
You hit the phantom.
The phantom is almost destroyed.
You block the phantom's attack. x2
You hit the phantom.
You destroy the phantom!
Your Necromancy skill increases to level 1!
A hound is nearby!
A jelly comes into view.
You see here a scroll labelled QIURIF QECO.
The helpless hound fails to defend itself.
You hit the hound. Your grab misses the hound.
The hound is moderately wounded.
The hound bites you. x2
* * * LOW HITPOINT WARNING * * *
You block the hound's attack.
You hit the hound. Your grab misses the hound.
The hound is heavily wounded.
The hound bites you.
* * * LOW HITPOINT WARNING * * *
The hound bites you.
* * * LOW HITPOINT WARNING * * *
The hound bites you.
You die...

#...........# ###
#........$..+...
#...........#.#
#.............#
#...........#######
#.................##
####............#.....#
#...............#.....#
#.....@.........#.....'
#J...h?.........#.....#
#......########...(....
#......# ###......
######## #......
####.#. #.#. ..#.
#.####


You could see a hound and a jelly (asleep).

Vanquished Creatures
  A black bear (D:4)
  A phantom (D:5)
  2 jellies
  4 orc priests
  2 orc wizards (D:2)
  Natasha (D:2)
  An iguana (D:4)
  3 gnolls (D:2)
  2 adders
  An ufetubus (D:5)
  A worm (D:2)
  A dart slug (D:5)
  15 orcs
  7 ball pythons
  6 endoplasms
  7 giant cockroaches
  17 goblins
  8 hobgoblins
  3 jackals (D:4)
  6 kobolds
  4 quokkas
  7 bats
  6 frilled lizards
  5 rats
111 creatures vanquished.

Vanquished Creatures (others)
  4 plants (D:2)
4 creatures vanquished.

Grand Total: 115 creatures vanquished

Notes
Turn   | Place    | Note
-------+----------+-------------------------------------------
     0 | D:1      | nyamberluvr69 the Octopode Fighter began the quest for the
                  | Orb.
     0 | D:1      | Reached XP level 1. HP: 16/16 MP: 1/1
   196 | D:1      | Reached XP level 2. HP: 21/21 MP: 2/2
   570 | D:1      | Reached skill level 4 in Shields
   851 | D:1      | Reached XP level 3. HP: 26/26 MP: 3/3
  1031 | D:1      | Found a faded altar of an unknown god.
  1067 | D:2      | Found an opulent altar of Gozag.
  1126 | D:2      | Noticed Robin
  2152 | D:2      | Reached XP level 4. HP: 30/31 MP: 4/4
  2561 | D:2      | Reached skill level 5 in Shields
  3299 | D:2      | Reached XP level 5. HP: 10/36 MP: 5/5
  3583 | D:3      | Noticed Natasha
  3761 | D:2      | Killed Natasha
  3762 | D:2      | Reached skill level 6 in Shields
  4320 | D:2      | Reached XP level 6. HP: 12/42 MP: 6/6
  4963 | D:4      | Reached skill level 7 in Shields
  5561 | D:4      | Noticed a black bear
  5572 | D:4      | Killed a black bear
  5573 | D:4      | Reached XP level 7. HP: 23/46 MP: 7/7
  5805 | D:4      | Reached skill level 8 in Shields
  6010 | D:5      | Entered Level 5 of the Dungeon
  6349 | D:5      | Learned a level 5 spell: Borgnjor's Vile Clutch
  6538 | D:5      | Reached skill level 1 in Necromancy
  6545 | D:5      | HP: 2/46 [hound (4)]
  6547 | D:5      | Slain by a hound

Illustrated notes

Levels and vault maps discovered:
D:1:      dpeg_arrival_subterranean_lakeside_camping, layout_basic,
          shapermc_ecumenical_altar_hornbeckon, corexii_item_surrounded_by_moat
D:2:      layout_basic, basic_altar, corexii_shack, uniq_robin
D:3:      layout_rooms, uniq_natasha
D:4:      layout_cave_pools, serial_co_window_serial, co_window_paths_a,
          co_window_paths_a, co_window_of_opportunity_a, co_window_corner_a,
          co_window_paths_a, co_window_cross_1, co_window_corner_ca,
          co_window_paths_c, co_window_unsneaky_path_d, co_window_2corner,
          co_window_unsneaky_path_d, co_window_corner_ca, co_window_broadway_b,
          glass_columns_a, glass_columns_a, glass_columns_c
D:5:      layout_basic, grunt_decor_one_mirror

Skill      XL: |  1  2  3  4  5  6  7 |
---------------+----------------------+-----
Shields        | 4 5 6 7 8 |  8.1
Necromancy     | 1 |  1.8
Fighting       | |  3.0
Long Blades    | |  2.0
Dodging        | |  3.0

Action                   |  1- 3 |  4- 6 |  7- 9 || total
-------------------------+-------+-------+-------++-------
Melee: Long sword        |    69 |   101 |    38 ||   208
       Tentacles         |    13 |    26 |     2 ||    41
       Constrict         |    17 |    32 |     6 ||    55
  Use: Potion            |     1 |     1 |       ||     2
 Stab: Sleeping          |    12 |     4 |     1 ||    17
       Distracted        |       |     1 |       ||     1
Armor: Skin              |     5 |     5 |     1 ||    11
Dodge: Dodged            |    34 |    46 |    11 ||    91
Block: Kite shield       |    37 |    54 |    31 ||   122
       Rpst.: Long sword |    15 |    14 |     3 ||    32

Table legend: (Time is in decaauts)
 A = Elapsed time spent in this place.
 B = Non-inter-level travel time spent in this place.
 C = Inter-level travel time spent in this place.
 D = Time resting spent in this place.
 E = Time spent auto-exploring this place.
 F = Levels seen in this place.
 G = Mean time per level.
                   A        B        C        D        E       F      G
               +--------+--------+--------+--------+--------+-----+--------+
         Total |   6669 |   6455 |    214 |   2736 |   2583 |   5 | 1333.8 |
       Dungeon |   6669 |   6455 |    214 |   2736 |   2583 |   5 | 1333.8 |
               +--------+--------+--------+--------+--------+-----+--------+

Top non-repeatable levels by time:
     D:2: 2891 daAuts
     D:4: 1515 daAuts
     D:1: 1438 daAuts
     D:3: 543 daAuts
     D:5: 280 daAuts
